 Dungeon Crawl Stone Soup version 0.15-a0-2246-gfd41422 (webtiles) character file.

27461 Ololoev the Cleaver (level 13, -44/107 HPs)
             Began as a Centaur Hunter on July 25, 2014.
             Was the Champion of Okawaru.
             Killed from afar by a frost giant (64 damage)
             ... with a bolt of cold
             ... in an ice cave on July 26, 2014.
             The game lasted 01:27:25 (15755 turns).

Ololoev the Cleaver (Centaur Hunter)               Turns: 15755, Time: 01:27:25

HP -44/107       AC 17     Str 16      XL: 13   Next:  4%
MP  17/17        EV  8     Int 10      God: Okawaru [******]
Gold 644         SH  0     Dex 14      Spells:  1 memorised, 11 levels left

rFire  + . .     SeeInvis .     M - +2 longbow (flame)
rCold  . . .     Clarity  +     d - +2 robe of Imperfection {+Inv rPois rF+}
rNeg   . . .     rCorr    .     (no shield)
rPois  +         rRot     .     (no helmet)
rElec  .         Spirit   .     p - +2 cloak {MR+}
SustAb .         Warding  .     A - +1 pair of gloves
rMut   .         Stasis   .     i - +0 centaur barding {Stlth+}
Gourm  .                        k - amulet of clarity
MR     ++...                    I - ring of protection from magic
                                E - ring of regeneration

@: very quick, very resistant to hostile enchantments, very unstealthy
A: hooves 3, deformed body, speed 2, tough skin 3
a: Heroism, Finesse, Renounce Religion, Evoke Invisibility


You were in an ice cave.
You worshipped Okawaru.
Okawaru was exalted by your worship.
You were not hungry.

You visited 2 branches of the dungeon, and saw 13 of its levels.
You also visited: Bailey and Ice Cave.

You collected 826 gold pieces.
You spent 182 gold pieces at shops.

Inventory:

Hand weapons
 F - the +8 Wrath of Trog {antimagic, *Rage}
   (Okawaru gifted it to you on level 10 of the Dungeon)

   It disrupts the flow of magical energy around spellcasters and certain
   magical creatures (including the wielder).
   It may make you go berserk in combat.
 G - the +6 war axe of the Orcish Mines {venom, +Fly MR+ Int-2}
   (You found it on level 6 of the Dungeon)

   It poisons the flesh of those it strikes.
   It affects your intelligence (-2).
   It affects your resistance to hostile enchantments.
   It lets you fly.
 M - a +2 longbow of flaming (weapon)
Missiles
 c - 257 arrows (quivered)
 m - 15 arrows of frost
 v - 32 arrows of dispersal
 D - 33 arrows of flame
 J - 4 poisoned arrows
Armour
 d - the +2 robe of Imperfection (worn) {+Inv rPois rF+}
   (You found it on level 8 of the Dungeon)

   It protects you from fire.
   It protects you from poison.
   It lets you turn invisible.
 i - a +0 centaur barding of stealth (worn)
 p - a +2 cloak of magic resistance (worn)
 w - a +0 cloak of darkness
 A - a +1 pair of gloves (worn)
 L - a +2 chain mail of poison resistance
Magical devices
 q - a wand of disintegration (7)
 y - a wand of disintegration (1)
Comestibles
 f - 10 bread rations
 N - 2 beef jerkies
 O - a slice of pizza
Scrolls
 a - 5 scrolls of teleportation
 b - 3 scrolls of enchant weapon
 h - 5 scrolls of fog
 j - a scroll of remove curse
 n - 2 scrolls of noise
 H - 5 scrolls of recharging
Jewellery
 k - an amulet of clarity (around neck)
 E - a ring of regeneration (left hand)
 I - a ring of protection from magic (right hand)
Potions
 e - 2 potions of degeneration {unknown}
 g - 5 potions of curing
 o - 3 potions of agility {unknown}
 r - a potion of beneficial mutation {unknown}
 s - a potion of invisibility {unknown}
 t - 2 potions of resistance {unknown}
 u - 3 potions of brilliance
 x - 2 potions of magic {unknown}
 z - a potion of might {unknown}
 B - 4 potions of haste


   Skills:
 - Level 8.0 Fighting
 * Level 13.9 Axes
 - Level 13.0 Bows
 - Level 7.0 Armour
 - Level 1.3 Dodging
 - Level 0.5 Stealth
 + Level 4.0 Evocations


You had 11 spell levels left.
You knew the following spells:

 Your Spells              Type           Power        Failure   Level  Hunger
a - Summon Butterflies    Summ           #.......     38%         1    ##.....


Dungeon Overview and Level Annotations

Branches:
Dungeon (12/15)            Temple (1/1) D:4             Orc (0/4) D:11
   Lair (0/8) D:8

Altars:
Ashenzari
Cheibriados
Dithmenos
Elyvilon
Fedhas
Gozag
Kikubaaqudgha
Makhleb
Nemelex Xobeh
Okawaru
Qazlal
Sif Muna
Trog
Vehumet
Xom
Yredelemnul
Zin
The Shining One

Shops:
D:8 [


Innate Abilities, Weirdness & Mutations

You have hooves in place of feet.
Armour fits poorly on your strangely shaped body.
You cover ground very quickly.
You have extremely tough skin (AC +3).


Message History

The frost giant points at you and mumbles some strange words.
The bolt of cold hits you!
Ouch! That really hurt!
* * * LOW HITPOINT WARNING * * *
Drink which item? (? for menu, Esc to quit)
Okay, then.
Read which item? (? for menu, Esc to quit)
Okay, then.
Drink which item? (? for menu, Esc to quit)
You feel better.
You see here a rotting polar bear corpse.
The frost giant casts a spell at you. The bolt of cold hits you!
* * * LOW HITPOINT WARNING * * *
You enter the shallow water.
Moving in this stuff is going to be slow.
The frost giant gestures at you while chanting.
The bolt of cold hits you!
Ouch! That really hurt!
You die...

###..### #...## .###...###
###..# #.####...# ##...##
##≈≈ .####...## #..###
##≈≈#≈# .##...###
##..####≈≈≈≈≈≈≈ ....###
##..###≈≈≈≈≈≈≈≈≈ #####
#..### ≈≈≈≈#≈≈#
##.≈≈####≈≈≈#####
####≈@#≈≈≈##..C###
##≈§§§#≈..##..##
###≈≈≈#≈§C#####..#
#≈≈≈#######..#..#####
≈≈≈≈≈≈≈≈###.###.#..#.C.##.
####### #.⌠.#.########C..
##.#.## #### #####


You could see a frost giant.

Vanquished Creatures
  The ghost of casual the Grappler, an experienced TrTm (D:8)
  A deep elf knight (Bailey)
  An ice statue (IceCv)
  4 hill giants
  A manticore (D:11)
  A cyclops (D:11)
  Maurice (D:8)
  Joseph (D:8)
  A feature mimic (D:10)
  A centaur skeleton (D:11)
  Psyche (D:7)
  3 deep elf priests (Bailey)
  2 trolls
  15 polar bears (IceCv)
  The ghost of ciphuk the Insei, an average DrTm (D:4)
  Prince Ribbit (D:11)
  A griffon zombie (D:11)
  2 wraiths
  A spriggan (D:10)
  6 deep elf magi
  A wyvern (D:11)
  40 yaks
  4 deep elf fighters (Bailey)
  3 hungry ghosts
  15 wolves
  A hippogriff (D:11)
  Edmund (D:8)
  A water moccasin (D:10)
  A swamp drake (D:11)
  A yellow wasp (D:10)
  A black bear (D:8)
  9 orc warriors
  4 phantoms
  A necrophage (D:6)
  10 centaurs
  3 ice beasts
  6 ogres
  2 big kobolds
  A komodo dragon zombie (D:11)
  6 giant frogs
  A cyclops skeleton (D:11)
  3 electric eels (D:8)
  2 scorpions
  8 crimson imps
  7 wights
  5 goliath beetles
  3 centaur zombies
  4 jellies
  6 orc priests
  A black bear zombie (D:3)
  9 hounds
  17 orc wizards
  5 iguanas
  8 worker ants
  An ogre zombie (D:5)
  An ogre skeleton (D:6)
  A mummy (D:10)
  3 gnolls (D:3)
  3 orc zombies
  9 adders
  5 shadow imps
  A giant mite (D:6)
  12 white imps (D:12)
  3 worms (D:2)
  An iguana zombie (D:8)
  An adder zombie (D:6)
  5 giant geckos
  59 orcs
  13 goblins
  12 hobgoblins
  5 jackals
  32 kobolds
  2 ball pythons
  13 bats
  4 giant cockroaches
  A giant newt (D:4)
  A giant spore (D:7)
  A goblin skeleton (D:4)
  3 quokkas
  A quokka skeleton (D:6)
  12 rats
  A rat skeleton (D:4)
442 creatures vanquished.

Vanquished Creatures (others)
  An adder (D:8)
1 creature vanquished.

Grand Total: 443 creatures vanquished

Notes
Turn   | Place    | Note
--------------------------------------------------------------
     0 | D:1      | Ololoev, the Centaur Hunter, began the quest for the Orb.
     0 | D:1      | Reached XP level 1. HP: 16/16 MP: 1/1
   462 | D:1      | Reached XP level 2. HP: 17/23 MP: 2/2
   512 | D:1      | Reached skill level 6 in Bows
   908 | D:2      | Reached XP level 3. HP: 28/28 MP: 3/3
  1316 | D:2      | Reached skill level 7 in Bows
  1547 | D:3      | Found a sparkling altar of Nemelex Xobeh.
  1552 | D:3      | Found a shattered altar of Ashenzari.
  1552 | D:3      | Found a snail-covered altar of Cheibriados.
  1572 | D:3      | Found a blossoming altar of Fedhas.
  1600 | D:3      | Found a glowing golden altar of the Shining One.
  1977 | D:3      | Reached XP level 4. HP: 35/35 MP: 3/3
  2070 | D:3      | HP: 1/35 [black bear zombie (1)]
  2123 | D:3      | Reached skill level 8 in Bows
  2428 | D:3      | Reached XP level 5. HP: 36/40 MP: 4/4
  2733 | D:3      | Found a bloodstained altar of Trog.
  2888 | D:3      | Reached skill level 9 in Bows
  3192 | D:4      | Noticed an ogre
  3213 | D:4      | Killed an ogre
  3213 | D:4      | Reached XP level 6. HP: 47/47 MP: 5/5
  3304 | D:4      | Reached skill level 10 in Bows
  3337 | D:4      | Found an opulent altar of Gozag.
  3437 | D:4      | Found a staircase to the Ecumenical Temple.
  3445 | Temple   | Entered the Ecumenical Temple
  3532 | Temple   | Became a worshipper of Warmaster Okawaru
  3590 | D:5      | Entered Level 5 of the Dungeon
  3618 | D:4      | Noticed a phantom
  3649 | D:4      | Killed a phantom
  4342 | D:4      | Noticed ciphuk's ghost (average DrTm)
  4931 | D:4      | Killed ciphuk's ghost
  4931 | D:4      | Reached skill level 11 in Bows
  4931 | D:4      | Reached XP level 7. HP: 52/52 MP: 5/5
  5504 | D:5      | Acquired Okawaru's first power
  5504 | D:5      | Reached skill level 12 in Bows
  5706 | D:5      | Reached XP level 8. HP: 59/61 MP: 6/6
  5939 | D:6      | Reached skill level 1 in Armour
  6329 | D:6      | Reached skill level 13 in Bows
  7161 | D:6      | Got a brightly glowing war axe
  7163 | D:6      | Identified the +6 war axe of the Orcish Mines {venom, +Fly MR+ Int-2} (You found it on level 6 of the Dungeon)
  7400 | D:6      | Reached XP level 9. HP: 64/73 MP: 7/7
  7728 | D:7      | Reached skill level 5 in Fighting
  7886 | D:7      | Got a polished war axe
  7887 | D:7      | Identified the cursed -2 war axe of the End of Times {antimagic, rF++ MR+} (You found it on level 7 of the Dungeon)
  8213 | D:8      | Found a staircase to the Lair.
  8213 | D:8      | Noticed Psyche
  8220 | D:7      | Killed Psyche
  8463 | D:8      | Received a gift from Okawaru
  8493 | D:8      | Noticed Maurice
  8555 | D:8      | Killed Maurice
  8555 | D:8      | Reached skill level 5 in Armour
  8749 | D:8      | Received a gift from Okawaru
  9076 | D:8      | Noticed Joseph
  9100 | D:8      | Killed Joseph
  9100 | D:8      | Reached skill level 1 in Axes
  9100 | D:8      | Reached XP level 10. HP: 74/88 MP: 7/7
  9182 | D:8      | Found Treuv's Antique Armour Boutique.
  9189 | D:8      | Bought a diamond-encrusted leather armour for 182 gold pieces
  9201 | D:8      | Identified the +3 leather armour of Thrakup {+Rage Slay-2} (You bought it in a shop on level 8 of the Dungeon)
  9311 | D:8      | Noticed Edmund
  9322 | D:8      | Killed Edmund
  9580 | D:8      | Got a fine robe
  9592 | D:8      | Identified the +2 robe of Imperfection {+Inv rPois rF+} (You found it on level 8 of the Dungeon)
  9699 | D:8      | Noticed casual's ghost (experienced TrTm)
 10146 | D:8      | Killed casual's ghost
 10146 | D:8      | Received a gift from Okawaru
 10748 | D:9      | Reached skill level 5 in Axes
 10943 | D:9      | Noticed Prince Ribbit
 10960 | D:9      | Found a flagged portal.
 10992 | Bailey   | Entered a bailey
 11037 | Bailey   | Acquired Okawaru's second power
 11055 | Bailey   | Received a gift from Okawaru
 11231 | Bailey   | Reached XP level 11. HP: 94/94 MP: 8/8
 11242 | Bailey   | Noticed a deep elf knight
 11253 | Bailey   | Killed a deep elf knight
 11253 | Bailey   | Received a gift from Okawaru
 11763 | D:10     | Entered Level 10 of the Dungeon
 11763 | D:10     | Noticed a hill giant
 11769 | D:10     | Killed a hill giant
 12217 | D:10     | Noticed a hill giant
 12246 | D:10     | Killed a hill giant
 12323 | D:10     | Reached skill level 10 in Axes
 12519 | D:10     | Found a staircase to the Orcish Mines.
 12556 | D:10     | Received a gift from Okawaru
 12694 | D:10     | the staircase to the Orcish Mines was a mimic.
 13090 | D:11     | Noticed a hill giant
 13095 | D:11     | Killed a hill giant
 13191 | D:11     | Reached XP level 12. HP: 62/101 MP: 9/9
 13405 | D:11     | Received a gift from Okawaru
 13483 | D:11     | Learned a level 1 spell: Summon Butterflies
 13727 | D:11     | Found a staircase to the Orcish Mines.
 14272 | D:11     | Killed Prince Ribbit
 14523 | D:12     | Found a frozen archway.
 14541 | IceCv    | Entered an ice cave
 14672 | IceCv    | Received a gift from Okawaru
 14672 | IceCv    | Reached skill level 1 in Evocations
 15387 | IceCv    | Noticed a frost giant
 15406 | IceCv    | Upgraded the game from 0.15-a0-2232-g756d4b8 to 0.15-a0-2246-gfd41422
 15435 | IceCv    | Reached XP level 13. HP: 74/107 MP: 17/17
 15735 | IceCv    | HP: 4/107 [frost giant/bolt of cold (56)]
 15755 | IceCv    | Killed from afar by a frost giant

Action                   |  1- 3 |  4- 6 |  7- 9 | 10-12 | 13-15 || total
-------------------------+-------+-------+-------+-------+-------++-------
Melee: Short sword       |   112 |   109 |    78 |       |       ||   299
       Cutlass           |       |       |    66 |       |       ||    66
       War axe           |       |       |   113 |   638 |       ||   751
       Battleaxe         |       |       |       |    55 |       ||    55
 Fire: Shortbow          |     9 |   140 |   147 |   159 |       ||   455
       Longbow           |       |       |       |    86 |    19 ||   105
Invok: Heroism           |       |       |       |     1 |       ||     1
 Abil: Evoke Invisibilit |       |       |       |     1 |       ||     1
Evoke: Wand              |       |       |     2 |     3 |       ||     5
  Use: Scroll            |       |       |    13 |    10 |       ||    23
       Potion            |       |       |       |     1 |     1 ||     2
 Stab: Sleeping          |     3 |     1 |     7 |     4 |       ||    15
       Distracted        |       |     2 |       |       |       ||     2
  Eat: Chunk             |     2 |     5 |     4 |    13 |     1 ||    25
       Beef jerky        |       |     1 |     1 |       |       ||     2
       Meat ration       |       |       |     2 |       |     1 ||     3
       Pizza             |       |       |       |     3 |       ||     3
       Royal jelly       |       |       |       |     1 |       ||     1
       Fruit             |       |       |       |     5 |       ||     5
